 Dungeon Crawl Stone Soup version 0.27-a0-1139-g28e009f8a6 (webtiles) character file.

Game seed: 10067094320742237664

77 wakim the Shield-Bearer (level 4, -2/44 HPs)
             Began as a Troll Fighter on May 7, 2021.
             Slain by a gnoll
             ... wielding a +2 spear of flaming
              (5 damage)
             ... on level 2 of the Dungeon.
             The game lasted 00:03:39 (549 turns).

wakim the Shield-Bearer (Troll Fighter)              Turns: 549, Time: 00:03:40

Health: -2/44      AC:  4    Str: 24    XL:     4   Next: 14%
Magic:  3/3        EV:  8    Int:  5    God:
Gold:   26         SH:  9    Dex:  9    Spells: 3/3 levels left

rFire    . . .     SeeInvis .     - Unarmed
rCold    . . .     Faith    .   b - +0 kite shield
rNeg     . . .     Spirit   .   a - +0 robe
rPois    .         Reflect  .   (helmet restricted)
rElec    .         Harm     .   (no cloak)
rCorr    .         Rampage  .   (gloves unavailable)
Will     .....                  (boots unavailable)
Stlth    +.........             (no amulet)
HPRegen  1.14/turn              c - ring of flight
MPRegen  0.08/turn              (no ring)

@: flying
A: large, unfitting armour, claws 3, regeneration 1, shaggy fur 1, tough skin 1
a: no special abilities


You were on level 2 of the Dungeon.
You visited 1 branch of the dungeon, and saw 2 of its levels.

You collected 26 gold pieces.

Inventory:

Missiles
 e - 21 poisoned darts (quivered)
Armour
 a - a +0 robe (worn)
 b - a +0 kite shield (worn)
Jewellery
 c - a ring of flight (left claw)
Potions
 H - a potion of haste
 N - a potion of might


   Skills:
 + Level 2.8 Fighting
 + Level 0.3 Throwing
 + Level 0.9 Armour
 - Level 2.4 Dodging
 * Level 3.1 Shields
 * Level 2.9 Unarmed Combat


You had 3 spell levels left.
You didn't know any spells.
Your spell library was empty.

Dungeon Overview and Level Annotations

Branches:
Dungeon (2/15)

Altars:


Innate Abilities, Weirdness & Mutations

You are too large for most types of armour.
You have claws for hands.
Your natural rate of healing is unusually fast.
You are covered in fur. (AC +1)
You have tough skin. (AC +1)


Message History

You block the gnoll's attack. The frilled lizard bites you.
You barely miss the frilled lizard.
The frilled lizard bites you but does no damage.
Your shield prevents you from hitting the frilled lizard.
A gnoll comes into view. It is wielding a +0 flail.
The frilled lizard bites you but does no damage.
The gnoll closely misses you.
You miss the frilled lizard. The frilled lizard barely misses you.
The gnoll barely misses you.
You scratch the frilled lizard.
The frilled lizard is heavily wounded.
You block the frilled lizard's attack. The gnoll hits you but does no damage.
You claw the frilled lizard!
You kill the frilled lizard!
You block the gnoll's attack. The gnoll closely misses you.
You block the gnoll's attack.
You see here a frilled lizard corpse.
The gnoll hits you from afar with a +2 spear of flaming.
The gnoll burns you. You block the gnoll's attack.
You barely miss the gnoll.
The gnoll hits you with a +2 spear of flaming.
The gnoll burns you.
You scratch the gnoll but do no damage.
The gnoll hits you with a +2 spear of flaming!
The gnoll burns you.
You scratch the gnoll.
The gnoll is lightly wounded.
The gnoll hits you with a +2 spear of flaming.
The gnoll burns you. The gnoll barely misses you.
You barely miss the gnoll.
The gnoll is lightly wounded.
The gnoll hits you with a +2 spear of flaming!
* * * LOW HITPOINT WARNING * * *
The gnoll burns you.
* * * LOW HITPOINT WARNING * * *
The gnoll hits you from afar with a +2 spear of flaming!
* * * LOW HITPOINT WARNING * * *
The gnoll burns you.
You die...

...##.#.#.###.).>
................... #.
...#........... .. ###.
#...........# .# ...
#..#........# #.
#.###...........# ..
#.##......)<.......# .#
......#..#.........# .#
..###.........##@.## ##†#
##.###.....###.# #..#
##..#####...###g# #)##
###.........#...#g#####.#
......#######...gw......#
..##### #...........# ..#
###.........# ..#
#.........# ..#
#.........#


You could see a worm and 2 gnolls.

Vanquished Creatures
  3 gnolls (D:2)
  3 dart slugs (D:1)
  5 ball pythons
  3 endoplasms
  4 goblins
  2 hobgoblins (D:1)
  9 jackals
  3 bats (D:1)
  2 frilled lizards
  2 kobolds
  4 rats (D:1)
40 creatures vanquished.

Notes
Turn   | Place    | Note
-------+----------+-------------------------------------------
     0 | D:1      | wakim the Troll Fighter began the quest for the Orb.
     0 | D:1      | Reached XP level 1. HP: 22/22 MP: 0/0
     6 | D:1      | Noticed a black mamba
     6 | D:1      | Noticed a polar bear
     6 | D:1      | Noticed a rime drake
     7 | D:1      | Noticed a komodo dragon
   116 | D:1      | Reached XP level 2. HP: 29/29 MP: 1/1
   259 | D:1      | Reached XP level 3. HP: 36/36 MP: 2/2
   426 | D:2      | Reached skill level 3 in Shields
   429 | D:2      | Reached XP level 4. HP: 43/44 MP: 3/3
   549 | D:2      | Slain by a gnoll

Illustrated notes

Levels and vault maps discovered:
D:1:      onia_arrival_zoo_common, layout_rooms
D:2:      layout_rooms, serial_shops, shop, basic_altar, uniq_crazy_yiuf_cottage

Skill      XL: |  1  2  3 |
---------------+----------+-----
Shields        | 3 |  3.1
Fighting       | |  2.8
Throwing       | |  0.3
Armour         | |  0.9
Dodging        | |  2.4
Unarmed Combat | |  2.9

Action                   |  1- 3 |  4- 6 || total
-------------------------+-------+-------++-------
Melee: Unarmed           |    86 |    22 ||   108
  Use: Scroll            |     2 |     2 ||     4
Armor: Robe              |    27 |     9 ||    36
Dodge: Dodged            |    23 |     6 ||    29
Block: Kite shield       |    39 |    11 ||    50

Table legend: (Time is in decaauts)
 A = Elapsed time spent in this place.
 B = Non-inter-level travel time spent in this place.
 C = Inter-level travel time spent in this place.
 D = Time resting spent in this place.
 E = Time spent auto-exploring this place.
 F = Levels seen in this place.
 G = Mean time per level.
                   A        B        C        D        E       F      G
               +--------+--------+--------+--------+--------+-----+--------+
         Total |    565 |    564 |      1 |      0 |    312 |   2 |  282.5 |
       Dungeon |    565 |    564 |      1 |      0 |    312 |   2 |  282.5 |
               +--------+--------+--------+--------+--------+-----+--------+

Top non-repeatable levels by time:
     D:1: 424 daAuts
     D:2: 141 daAuts
